 Dungeon Crawl Stone Soup version 0.30-b1-2-g02819fbbbe (webtiles) character file.

Game seed: 11897602003802135770

242 Armakuni the Shooter (level 6, -13/44 HPs)
             Began as a Human Wanderer on May 18, 2023.
             Was an Initiate of Okawaru.
             Mangled by an ogre
             ... wielding a +0 giant club
              (21 damage)
             ... on level 4 of the Dungeon.
             The game lasted 00:08:11 (2509 turns).

Armakuni the Shooter (Human Wanderer)               Turns: 2509, Time: 00:08:12

Health: -13/44     AC:  6    Str: 17    XL:     6   Next: 31%
Magic:  9/9        EV: 16    Int: 13    God:    Okawaru [......]
Gold:   98         SH:  0    Dex: 17    Spells: 6/9 levels left

rFire   . . .        a - +11 sling of Currency {heavy, rPois Str+3}
rCold   + . .        (no shield)
rNeg    + . .        k - +1 ring mail
rPois   +            (no helmet)
rElec   .            (no cloak)
rCorr   .            (no gloves)
SInv    .            (no boots)
Will    .....        (no amulet)
Stlth   +            E - +5 ring of evasion
HPRegen 0.27/turn    J - ring of the Open Hand {rC+ rN+ Dex+5}
MPRegen 0.11/turn

%: no passive effects
@: no status effects
A: no striking features
a: Renounce Religion


You were on level 4 of the Dungeon.
You worshipped Okawaru.
Okawaru was noncommittal.
You visited 1 branch of the dungeon, and saw 4 of its levels.

You collected 98 gold pieces.

Inventory:

Hand Weapons
 a - the +11 sling of Currency (weapon) {heavy, rPois Str+3}
   (You found it on level 2 of the Dungeon)

   Str:       It affects your strength (+3).
   rPois:     It protects you from poison.
 b - a +0 mace
Armour
 k - a +1 ring mail (worn)
 p - an orb of wrath
Jewellery
 o - a ring of poison resistance
 E - a +5 ring of evasion (left hand)
 F - a ring of fire
 J - the ring of the Open Hand (right hand) {rC+ rN+ Dex+5}
   (You found it on level 3 of the Dungeon)

   [ring of protection from cold]

   Dex:       It affects your dexterity (+5).
   rC:        It protects you from cold.
   rN:        It protects you from negative energy.
Scrolls
 h - a scroll of magic mapping
 i - a scroll of poison {unknown}
 j - a scroll of noise {unknown}
 m - 2 scrolls of summoning {unknown}
 n - a scroll of identify {unknown}
 u - 2 scrolls of teleportation
 X - 2 scrolls of vulnerability
Potions
 c - a potion of degeneration {unknown}
 d - a potion of mutation {unknown}
 e - 4 potions of might {unknown}
 f - a potion of curing {unknown}
 g - a potion of heal wounds {unknown}
 l - a potion of resistance {unknown}


   Skills:
 - Level 2.2 Fighting
 + Level 4.1 Ranged Weapons
 - Level 1.0 Throwing
 - Level 2.0 Armour
 - Level 1.0 Dodging
 - Level 2.0 Spellcasting
 - Level 2.9 Conjurations
 - Level 2.0 Translocations
 - Level 1.0 Evocations


You had 6 spell levels left.
You knew the following spells:

 Your Spells              Type           Power      Damage    Failure   Level
a - Apportation           Tloc           12%        N/A       21%         1
z - Searing Ray           Conj           18%        2d5       21%         2

Your spell library contained the following spells:

 Spells                   Type           Power      Damage    Failure   Level
 Magic Dart               Conj           36%        1d4       14%         1
 Sandblast                Erth           2%         2d4       41%         1
 Cigotuvi's Dreadful Rot  Necr/Pois/Air  2%         N/A       56%         2
 Passwall                 Tmut/Erth      0%         N/A       56%         2
 Stone Arrow              Conj/Erth      10%        3d7       58%         3
 Portal Projectile        Hex/Tloc       6%         N/A       65%         3
 Vhi's Electric Charge    Tloc/Air       6%         N/A       65%         3
 Ignite Poison            Fire/Tmut/Pois 1%         N/A       80%         3
 Fulminant Prism          Conj/Hex       2%         3d5       94%         4
 Freezing Cloud           Conj/Ice/Air   1%         6-21      100%        5


Dungeon Overview and Level Annotations

Branches:
Dungeon (4/15)
 Temple: D:4-7

Altars:
Nemelex Xobeh
Okawaru
Qazlal
Wu Jian
Yredelemnul
Zin
The Shining One


Message History

Fire: a) +11 sling of Currency {heavy, rPois Str+3}
Press: ? - help, Q - select action, (/) - cycle Shift-Dir - straight line, f/p - orc
Aim: an orc, wielding a +0 club and quivering poisoned darts (moderately wounded, 71% to hit)
You shoot a sling bullet. The sling bullet hits the orc!!
You kill the orc!
Okawaru accepts your kill.
You feel sick. Something barely misses you.
You aren't carrying any items that you can evoke.
Fire: a) +11 sling of Currency {heavy, rPois Str+3}
Press: ? - help, Q - select action, (/) - cycle Shift-Dir - straight line, f - ogre
Aim: an ogre, wielding a +0 giant club (81% to hit)
You shoot a sling bullet. Okawaru accepts your kill.
Reactivating autopickup.
You feel a bit more experienced.
You feel sick. The ogre closely misses you.
Your Ranged Weapons skill increases to level 4!
Fire: a) +11 sling of Currency {heavy, rPois Str+3}
Press: ? - help, Q - select action, (/) - cycle Shift-Dir - straight line, f/p - ogre
Aim: an ogre, wielding a +0 giant club (82% to hit)
You shoot a sling bullet. The sling bullet hits the ogre!
The ogre is heavily wounded.
You feel sick.
You are no longer poisoned.
The ogre hits you with a +0 giant club!
Fire: a) +11 sling of Currency {heavy, rPois Str+3}
Press: ? - help, Q - select action, (/) - cycle Shift-Dir - straight line, f/p - ogre
Aim: an ogre, wielding a +0 giant club (heavily wounded, 82% to hit)
You shoot a sling bullet. The sling bullet hits the ogre.
The ogre is severely wounded.
The ogre completely misses you.
Fire: a) +11 sling of Currency {heavy, rPois Str+3}
Press: ? - help, Q - select action, (/) - cycle Shift-Dir - straight line, f/p - ogre
Aim: an ogre, wielding a +0 giant club (severely wounded, 82% to hit)
You shoot a sling bullet.
The sling bullet barely misses the ogre.
The ogre hits you with a +0 giant club!
* * * LOW HITPOINT WARNING * * *
The ogre hits you with a +0 giant club!!
You die...

#........##...#...#
##+#........##.##.##.###
.....#'###+...##.##.##_#
.....#...#..###.##.##.##
.....#...#..##..###..##
.....#...#...#########
.....#...#.......#
.....#...#.......#
.....#..########@#
....##..# #.###O##
....#.... #......# .<..#
#....).# ....# +......#
...(# #......# ....#
##+##†## ###....
#.....))..... ..#....
#............


You could see an ogre.

Vanquished Creatures
  3 iguanas (D:4)
  An orc wizard (D:4)
  4 adders
  3 gnolls (D:3)
  A worm (D:2)
  2 dart slugs
  5 orcs
  5 bats
  3 endoplasms
  4 giant cockroaches
  7 hobgoblins
  2 jackals (D:1)
  7 kobolds
  A quokka (D:1)
  4 ball pythons
  5 frilled lizards
  6 goblins
  4 rats (D:1)
67 creatures vanquished.

Notes
Turn   | Place    | Note
-------+----------+-------------------------------------------
     0 | D:1      | Armakuni the Human Wanderer began the quest for the Orb.
     0 | D:1      | Armakuni set off with the following items: a +0 dagger, a
                  | +0 ring mail, a scroll of vulnerability, a scroll of
                  | teleportation; and the following spell memorised:
                  | Apportation; and the following spells available to
                  | memorise: Portal Projectile, Vhi's Electric Charge.
     0 | D:1      | Reached XP level 1. HP: 15/15 MP: 3/3
   142 | D:1      | Found a faded altar of an unknown god.
   159 | D:1      | Reached XP level 2. HP: 19/22 MP: 5/5
   192 | D:1      | Learned a level 2 spell: Searing Ray
   485 | D:1      | Reached skill level 1 in Conjurations
   490 | D:1      | Reached XP level 3. HP: 19/27 MP: 6/6
   972 | D:2      | Found a basalt altar of Yredelemnul.
  1197 | D:2      | Identified the +11 sling of Currency {heavy, rPois Str+3}
  1239 | D:2      | Reached XP level 4. HP: 33/33 MP: 7/7
  1572 | D:3      | Identified the ring of the Open Hand {rC+ rN+ Dex+5}
  1803 | D:3      | Reached skill level 1 in Ranged Weapons
  1848 | D:3      | Reached XP level 5. HP: 38/38 MP: 8/8
  1870 | D:3      | Reached skill level 2 in Ranged Weapons
  1874 | D:3      | Found an ornate altar of the Wu Jian Council.
  1879 | D:3      | Found a glowing golden altar of the Shining One.
  1879 | D:3      | Found a stormy altar of Qazlal.
  1890 | D:3      | Found a sparkling altar of Nemelex Xobeh.
  1893 | D:3      | Found an iron altar of Okawaru.
  1904 | D:3      | Became a worshipper of Warmaster Okawaru
  2246 | D:4      | Reached skill level 3 in Ranged Weapons
  2256 | D:4      | Reached XP level 6. HP: 44/44 MP: 9/9
  2452 | D:4      | Found a glowing silver altar of Zin.
  2496 | D:4      | Noticed an ogre
  2507 | D:4      | Reached skill level 4 in Ranged Weapons
  2509 | D:4      | Mangled by an ogre

Illustrated notes

Levels and vault maps discovered:
D:1:      lightli_arrival_chessboard, layout_loops_ring,
          shapermc_ecumenical_altar_mp_highgroup
D:2:      layout_basic, basic_altar, hangedman_decor_growths,
          minmay_close_crescents
D:3:      layout_basic, minmay_overflow_temple_star_hex, chequers_mini_garden
D:4:      layout_gridville, marbit_many_paths, minmay_temple_entry_poolview,
          minmay_surrounded

Skill      XL: |  1  2  3  4  5  6 |
---------------+-------------------+-----
Fighting       | 2 |  2.2
Conjurations   | 1 2 |  2.9
Ranged Weapons | 1 3 4 |  4.1
Throwing       | |  1.0
Armour         | |  2.0
Dodging        | |  1.0
Spellcasting   | |  2.0
Translocations | |  2.0
Evocations     | |  1.0

Action                     |  1- 3 |  4- 6 || total
---------------------------+-------+-------++-------
  Melee: Dagger            |    48 |       ||    48
         Whip              |    28 |       ||    28
         Mace              |    73 |       ||    73
         Punch             |     2 |       ||     2
   Fire: Sling             |     1 |    66 ||    67
    Use: Scroll            |     5 |       ||     5
 Armour: Ring mail         |    87 |     8 ||    95
  Dodge: Dodged            |    89 |    20 ||   109
